 Dungeon Crawl Stone Soup version 0.30.1-4-g462c640d31 (webtiles) character file.

Game seed: 3514146086720971895

19 Zeor the Conjurer (level 2, -3/11 HPs)
             Began as a Felid Conjurer on Aug 25, 2023.
             Slain by a black bear (5 damage)
             ... on level 4 of the Dungeon.
             The game lasted 00:04:36 (1487 turns).

Zeor the Conjurer (Felid Conjurer)                  Turns: 1487, Time: 00:04:37

Health: -3/11      AC:  1    Str:  3    XL:     2   Next: 55%
Magic:  4/6        EV: 17    Int: 19    God:
Gold:   54         SH:  0    Dex: 14    Spells: 0/5 levels left
                                        Lives:  0   Deaths: 0

rFire   . . .        (weapon unavailable)
rCold   . . .        (shield unavailable)
rNeg    . . .        (body armour unavailable)
rPois   .            (helmet unavailable)
rElec   .            (cloak unavailable)
rCorr   +            (gloves unavailable)
SInv    +            (boots unavailable)
Will    .....        (no amulet)
Stlth   ++           b - ring of resist corrosion
HPRegen 0.21/turn    (no ring)
MPRegen 0.10/turn

%: no passive effects
@: very slightly contaminated, quick
A: very small, claws 1, fangs 3, see invisible, speed 1, shaggy fur 1, stealthy
paws, no weapons or thrown items, no armour, multi-lived
a: no special abilities


You were on level 4 of the Dungeon.
You visited 1 branch of the dungeon, and saw 3 of its levels.

You collected 54 gold pieces.

Inventory:

Jewellery
 b - a ring of resist corrosion (left paw)
Potions
 a - a potion of magic
 c - a potion of degeneration {unknown}
 d - a potion of haste {unknown}
 f - a potion of curing {unknown}
 g - a potion of attraction {unknown}


   Skills:
 * Level 3.4 Dodging
 + Level 2.8 Stealth
 * Level 2.1 Spellcasting
 + Level 3.9 Conjurations
 + Level 0.6 Translocations


You couldn't memorise any spells.
You knew the following spells:

 Your Spells              Type           Power      Damage    Failure   Level
a - Apportation           Tloc           8%         N/A       13%         1
d - Magic Dart            Conj           64%        1d6       3%          1
m - Summon Small Mammal   Summ           8%         N/A       17%         1
r - Searing Ray           Conj           32%        2d5       4%          2

Your spell library contained the following spells:

 Spells                   Type           Power      Damage    Failure   Level
 Necrotise                Necr           8%         1d4       17%         1
 Dazzling Flash           Conj/Hex       18%        N/A       22%         3
 Call Canine Familiar     Summ           2%         N/A       45%         3
 Ozocubu's Armour         Ice            2%         N/A       45%         3
 Iskenderun's Mystic Bla  Conj/Tloc      10%        2d4       54%         4
 Fulminant Prism          Conj/Hex       4%         3d5       58%         4
 Leda's Liquefaction      Hex/Erth       1%         N/A       86%         4
 Metabolic Englaciation   Hex/Ice        1%         N/A       99%         5
 Simulacrum               Ice/Necr       1%         N/A       100%        6
 Portal Projectile        Hex/Tloc       Unusable   N/A       N/A         3

Dungeon Overview and Level Annotations

Branches:
Dungeon (2/15)

Altars:


Innate Abilities, Weirdness & Mutations

You have sharp claws.
You have razor-sharp teeth.
You have supernaturally acute eyesight. (SInv)
You cover ground quickly. (Speed+)
You are covered in fur. (AC +1)
Your paws help you pounce on unaware monsters.
You are incapable of wielding weapons or throwing items.
You cannot wear armour.
You gain extra lives every three experience levels.


Message History

Found 14 gold pieces.
As you read the scroll labelled YVOVINN IFOAST, it crumbles to dust.
It is a scroll of enchant weapon.
You aren't carrying any weapons that can be enchanted.
Okay, then.
Blink to where?
Press: ? - help, Dir - move target
As you read the scroll of blinking, it crumbles to dust.
Found 2 red potions.
Casting: Magic Dart (safe; 3% risk of failure)
Confirm with . or Enter, or press ? or * to list all spells.
The black bear barely misses you. The black bear claws you. x2
The black bear misses you. The black bear closely misses you.
The black bear completely misses you.
Your rat barely misses the black bear.
The black bear closely misses you. The black bear barely misses you.
The black bear closely misses you.
Your rat barely misses the black bear.
Casting: Summon Small Mammal (safe; 17% risk of failure)
Confirm with . or Enter, or press ? or * to list all spells.
Your bat hits the black bear but does no damage.
Your bat hits the black bear.
Your bat closely misses the black bear.
Your rat barely misses the black bear.
Your bat hits the black bear.
Your bat hits the black bear but does no damage.
The black bear misses you. The black bear claws you.
The black bear closely misses you.
Your bat barely misses the black bear.
Your rat bites the black bear.
Casting: Summon Small Mammal (safe; 17% risk of failure)
Confirm with . or Enter, or press ? or * to list all spells.
You miscast Summon Small Mammal.
You are very lightly contaminated with residual magic.
Nothing appears to happen.
Your bat closely misses the black bear.
Casting: Summon Small Mammal (safe; 17% risk of failure)
Confirm with . or Enter, or press ? or * to list all spells.
You don't know that spell.
You aren't carrying any scrolls.
The black bear bites you.
* * * LOW HITPOINT WARNING * * *
The black bear claws you.
You die...

▒▒∙∙∙∙▒▒∙∙∙∙
▒∙∙∙∙∙∙∙∙▒▒▒ ▒▒
▒▒▒▒∙∙∙∙∙∙∙∙ ∙▒▒
▒▒∙∙∙∙∙∙∙▒ ∙∙▒
▒∙∙∙▒∙∙▒▒▒ ∙∙▒▒
▒∙∙∙∙∙▒▒
▒∙∙▒▒▒∙∙∙∙∙▒
▒∙∙▒▒∙∙∙∙∙∙▒ ▒▒▒
▒∙∙∙▒∙∙∙∙∙∙▒▒▒▒▒h▒
▒∙∙∙∙∙∙∙∙∙∙∙b∙rh▒▒
∙∙∙∙∙∙∙∙∙∙∙▒▒▒▒▒∙▒
∙∙∙▒∙∙∙∙∙∙∙▒ ▒▒
▒▒▒▒▒▒∙∙∙∙▒▒
▒▒∙∙∙∙▒ ▒∙∙∙∙∙▒▒
▒▒▒ ▒∙∙∙∙▒∙∙∙▒
▒▒∙▒ ∙∙!∙∙∙∙▒∙∙▒▒
▒▒∙▒▒


You could see a black bear (ally target), a friendly bat (summoned) and a
friendly rat (summoned).

Vanquished Creatures
  A dart slug (D:1)
  A bat (D:1)
  2 giant cockroaches (D:1)
  2 goblins (D:1)
  A hobgoblin (D:1)
  2 jackals (D:1)
  2 kobolds (D:1)
  A ball python (D:4)
  A frilled lizard (D:1)
  3 rats (D:1)
16 creatures vanquished.

Vanquished Creatures (others)
  A hobgoblin (D:1)
1 creature vanquished.

Grand Total: 17 creatures vanquished

Notes
Turn   | Place    | Note
-------+----------+-------------------------------------------
     0 | D:1      | Zeor the Felid Conjurer began the quest for the Orb.
     0 | D:1      | Reached XP level 1. HP: 7/7 MP: 4/4
    16 | D:1      | Learned a level 1 spell: Apportation
   342 | D:1      | Reached XP level 2. HP: 11/11 MP: 3/6
   395 | D:1      | Learned a level 2 spell: Searing Ray
   481 | D:1      | Learned a level 1 spell: Summon Small Mammal
  1271 | D:2      | You fall into a shaft and drop 2 floors!
  1431 | D:4      | Noticed a black bear
  1487 | D:4      | Slain by a black bear

Illustrated notes

Levels and vault maps discovered:
D:1:      minmay_arrival_wavy_path, layout_loops_ring, lemuel_flame_loot_1
D:2:      layout_loops_ring
D:4:      layout_layer_cave, nicolae_overflow_hidden_temple, xom_redecorated,
          minmay_temple_entry_junction, uniq_grinder

Skill      XL: |  1 |
---------------+----+-----
Dodging        | 3 |  3.4
Stealth        | |  2.8
Spellcasting   | |  2.1
Conjurations   | |  3.9
Translocations | |  0.6

Action                     || total
---------------------------++-------
  Melee: Unarmed           ||     8
         Bite              ||     1
   Cast: Magic Dart        ||    31
         Apportation       ||    10
         Summon Small Mamm ||     2
         Searing Ray       ||     1
    Use: Scroll            ||     4
   Stab: Sleeping          ||     1
  Dodge: Dodged            ||    16
